 Dungeon Crawl Stone Soup version 0.25-a0-661-g55ea3d2053 (webtiles) character file.

Game seed: 9052007852651050748, levelgen mode: deterministic

1630 An17 the Digger (level 8, 0/59 HPs)
             Began as a Demigod Earth Elementalist on Mar 23, 2020.
             Slain by a jelly (2 damage)
             ... on level 6 of the Dungeon.
             The game lasted 00:15:57 (3718 turns).

An17 the Digger (Demigod Earth Elementalist)        Turns: 3718, Time: 00:15:58

Health: 0/59       AC:  4    Str: 13    XL:     8   Next: 38%
Magic:  8/21       EV: 13    Int: 21    God:
Gold:   269        SH:  0    Dex: 16    Spells: 5/20 levels left

rFire    . . .     SeeInvis .   r - +0 dagger (elec)
rCold    . . .     Gourm    .   (no shield)
rNeg     . . .     Faith    .   x - +0 leather armour {rPois}
rPois    +         Spirit   .   (no helmet)
rElec    .         Reflect  .   (no cloak)
rCorr    .         Harm     .   v - +0 pair of gloves
MR       .....                  (no boots)
Stlth    ++........             (no amulet)
HPRegen  0.19/turn              f - ring of flight
MPRegen  0.17/turn              (no ring)

@: no status effects
A: high mp 1
a: Evoke Flight


You were on level 6 of the Dungeon.
You were hungry.

You visited 2 branches of the dungeon, and saw 7 of its levels.

You collected 269 gold pieces.

Inventory:

Hand Weapons
 r - a +0 dagger of electrocution (weapon)
Missiles
 b - 40 stones (quivered)
Armour
 h - a +0 chain mail
 q - a +0 scale mail
 v - a +0 pair of gloves (worn)
 x - a +0 leather armour of poison resistance (worn)
Jewellery
 f - a ring of flight (left hand)
Wands
 u - a wand of flame (25)
Scrolls
 a - 3 scrolls of teleportation
 e - 2 scrolls of enchant armour
 i - 2 scrolls of remove curse
 k - 3 scrolls of identify
 l - a scroll of fog
 o - a scroll of blinking
 p - 2 scrolls of amnesia
Potions
 g - 3 potions of heal wounds
 j - a potion of ambrosia
 m - a potion of might
 n - a potion of brilliance
 s - a potion of magic
 t - 2 potions of invisibility
 w - a potion of haste {unknown}
Comestibles
 d - 7 rations


   Skills:
 + Level 1.0 Fighting
 + Level 1.5 Short Blades
 + Level 0.1 Armour
 + Level 3.2 Dodging
 - Level 1.8 Stealth
 + Level 6.5 Spellcasting
 + Level 0.2 Conjurations
 + Level 1.1 Transmutations
 + Level 6.7 Earth Magic


You had 5 spell levels left.
You knew the following spells:

 Your Spells              Type           Power        Failure   Level  Hunger
a - Sandblast             Erth           #####.       1%          1    None
b - Passwall              Tmut/Erth      ###.....     3%          2    None
c - Stone Arrow           Conj/Erth      ###...       9%          3    #......
d - Lee's Rapid Deconstr  Erth           #####.....   21%         5    #####..
e - Petrify               Tmut/Erth      ###.....     24%         4    ###....

Your spell library contained the following spells:

 Spells                   Type           Power        Failure   Level  Hunger


Dungeon Overview and Level Annotations

Branches:
Dungeon (6/15)             Temple (1/1) D:6


Innate Abilities, Weirdness & Mutations

You have an increased reservoir of magic. (+10% MP)


Message History

The stone arrow hits the jelly.
The jelly is moderately wounded.
The jelly hits you.
You are splashed with acid!
* * * LOW HITPOINT WARNING * * *
You hit the jelly.
Your hands burn!
* * * LOW HITPOINT WARNING * * *
The jelly is heavily wounded.
The jelly closely misses you.
You hit the jelly.
Your hands burn!
* * * LOW HITPOINT WARNING * * *
The jelly is heavily wounded.
You hit the jelly.
Your hands burn!
* * * LOW HITPOINT WARNING * * *
The jelly is heavily wounded.
The jelly barely misses you.
You hit the jelly.
Your hands burn!
* * * LOW HITPOINT WARNING * * *
The jelly is severely wounded.
The jelly hits you.
You die...

########+#######.##..##...##...#
# #..........##...###### #
#..........###'## # #..........#
... # #..........# #
##..##...### ##..##...#####
#........'...# #...>.@..#...#
#.....J..#...'. ##.###..## ..##
## #..# ### .... ....# #####


You could see a jelly.

Vanquished Creatures
  Grinder (D:3)
  Eustachio (D:6)
  Menkaure (D:6)
  The ghost of Piu the Skirmisher, an amateur OgSk (D:3)
  A black bear (D:6)
  A centaur (D:6)
  A scorpion (D:3)
  A howler monkey (D:4)
  A quasit (D:5)
  2 bullfrog zombies
  4 hounds
  2 jellies
  4 bullfrog skeletons
  4 orc wizards
  A gnoll shaman (D:4)
  4 worker ants
  An iguana (D:5)
  A hound skeleton (D:4)
  6 adders
  An adder skeleton (D:4)
  3 worms (D:3)
  A dart slug (D:1)
  4 leopard geckos
  11 orcs
  7 giant cockroaches
  2 hobgoblins
  6 jackals
  4 quokkas
  10 bats
  5 frilled lizards
  3 goblins
  4 kobolds
  A quokka skeleton (D:5)
  5 rats
105 creatures vanquished.

Notes
Turn   | Place    | Note
-------+----------+-------------------------------------------
     0 | D:1      | An17 the Demigod Earth Elementalist began the quest for the
                  | Orb.
     0 | D:1      | Reached XP level 1. HP: 14/14 MP: 5/5
   154 | D:1      | Reached XP level 2. HP: 20/20 MP: 4/7
   158 | D:1      | Learned a level 2 spell: Passwall
   273 | D:1      | Reached skill level 1 in Transmutations
  1032 | D:2      | Reached XP level 3. HP: 26/26 MP: 4/8
  1039 | D:2      | Learned a level 3 spell: Stone Arrow
  1080 | D:2      | Found an opulent altar of Gozag.
  1081 | D:2      | Found a sparkling altar of Nemelex Xobeh.
  1276 | D:3      | Reached XP level 4. HP: 27/33 MP: 0/11
  1727 | D:3      | Noticed Grinder
  1737 | D:3      | Killed Grinder
  1737 | D:3      | Reached XP level 5. HP: 18/38 MP: 2/14
  1737 | D:3      | Reached XP level 6. HP: 21/45 MP: 2/15
  1753 | D:3      | Learned a level 5 spell: Lee's Rapid Deconstruction
  1933 | D:3      | Found a runed translucent door.
  1933 | D:3      | Noticed Piu's ghost (amateur OgSk)
  1997 | D:3      | Killed Piu's ghost
  1997 | D:3      | Reached skill level 1 in Short Blades
  2073 | D:3      | Found a snail-covered altar of Cheibriados.
  2202 | D:3      | Reached skill level 5 in Earth Magic
  2363 | D:4      | Reached XP level 7. HP: 18/51 MP: 14/17
  2369 | D:4      | Learned a level 4 spell: Petrify
  2517 | D:4      | Reached skill level 5 in Spellcasting
  2561 | D:4      | Found a snail-covered altar of Cheibriados.
  2838 | D:5      | Entered Level 5 of the Dungeon
  3378 | D:6      | Found a staircase to the Ecumenical Temple.
  3388 | Temple   | Entered the Ecumenical Temple
  3395 | D:6      | Noticed Menkaure
  3400 | D:6      | Killed Menkaure
  3400 | D:6      | Reached XP level 8. HP: 58/58 MP: 17/20
  3473 | D:6      | Found a stormy altar of Qazlal.
  3478 | D:6      | Noticed Eustachio
  3486 | D:6      | Killed Eustachio
  3486 | D:6      | Reached skill level 1 in Fighting
  3718 | D:6      | HP: 2/59 [acid (5)]
  3718 | D:6      | Slain by a jelly

Levels and vault maps discovered:
D:1:      eino_arrival_tree_alley, layout_loops_cross,
          chequers_serial_rivers_micro_d
D:2:      layout_loops_ring, grunt_temple_overflow_opulence, first_ration
D:3:      minmay_door_path, layout_basic, lemuel_doored_altar,
          gammafunk_ghost_grave, minmay_diced_spiral, uniq_grinder
D:4:      layout_cave_pools, minmay_ruined_shrine
D:5:      layout_basic
D:6:      layout_gridville, old_standard_altar,
          minmay_temple_entry_stoned_glass, uniq_eustachio, uniq_menkaure
Temple:   cyrus_circular_temple

Skill      XL: |  1  2  3  4  5  6  7  8 |
---------------+-------------------------+-----
Earth Magic    | 3 4 5 6 |  6.7
Transmutations | 1 |  1.1
Spellcasting   | 2 4 5 6 |  6.5
Short Blades   | 1 |  1.5
Dodging        | 2 3 |  3.2
Fighting       | 1 |  1.0
Armour         | |  0.1
Stealth        | |  1.8
Conjurations   | |  0.2

Action                   |  1- 3 |  4- 6 |  7- 9 || total
-------------------------+-------+-------+-------++-------
Melee: Unarmed           |     1 |       |       ||     1
       Rapier            |     2 |       |       ||     2
       Dagger            |       |    39 |    39 ||    78
 Cast: Sandblast         |    41 |    35 |    65 ||   141
       Stone Arrow       |       |    10 |     5 ||    15
       Lee's Rapid Decon |       |     2 |     1 ||     3
       Petrify           |       |       |     1 ||     1
  Use: Scroll            |     4 |     5 |     6 ||    15
       Potion            |       |     1 |       ||     1
 Stab: Sleeping          |     1 |     3 |     2 ||     6
  Eat: Ration            |     1 |     1 |     1 ||     3
Armor: Robe              |     3 |    21 |    13 ||    37
       Leather armour    |       |       |     1 ||     1
Dodge: Dodged            |    12 |    72 |    53 ||   137

Table legend:
 A = Non-vault XP
 B = Vault XP
 C = Vault XP percentage of total XP
 D = Non-vault monster count
 E = Vault monster count
 F = Vault count percentage of total count
                 A         B        C        D         E       F
            +---------+---------+-------+---------+---------+-------
      Total |    1384 |     945 |  40.6 |      90 |      15 |  14.3
            +---------+---------+-------+---------+---------+-------
        D:1 |      22 |       0 |   0.0 |      13 |       0 |   0.0
        D:2 |      52 |       0 |   0.0 |      12 |       0 |   0.0
        D:3 |     208 |     476 |  69.6 |      26 |       8 |  23.5
        D:4 |     295 |     100 |  25.3 |      16 |       5 |  23.8
        D:5 |     429 |       0 |   0.0 |      16 |       0 |   0.0
        D:6 |     378 |     369 |  49.4 |       7 |       2 |  22.2
            +---------+---------+-------+---------+---------+-------
